 Dungeon Crawl Stone Soup version 0.29.0-11-gd7f09526c8 (webtiles) character file.

Game seed: 7167818719308420350

534 Destapler the Cudgeller (level 7, 0/70 HPs)
             Began as a Troll Berserker on Sept 3, 2022.
             Was a Priest of Trog.
             Slain by a black bear (4 damage)
             ... on level 4 of the Dungeon on Sept 4, 2022.
             The game lasted 00:06:49 (2224 turns).

Destapler the Cudgeller (Troll Berserker)           Turns: 2224, Time: 00:06:50

Health: 0/70       AC:  6    Str: 26    XL:     7   Next: 4%
Magic:  6/6        EV: 10    Int: 11    God:    Trog [***...]
Gold:   131        SH:  0    Dex:  7    Spells: 6/6 levels left

rFire   . . .      SeeInvis .   a - +0 mace
rCold   . . .      Faith    .   (no shield)
rNeg    + . .      Spirit   .   b - +0 animal skin
rPois   .          Reflect  .   (helmet restricted)
rElec   .          Harm     .   (no cloak)
rCorr   .          Rampage  .   (gloves unavailable)
Will    +....                   (boots unavailable)
Stlth   ..........              (no amulet)
HPRegen 1.01/turn               j - ring of positive energy
MPRegen 0.10/turn               (no ring)

@: silenced, on berserk cooldown, slowed, very slow
A: large, unfitting armour, claws 3, regeneration 1, shaggy fur 1, tough skin 1,
iridescent scales 1, clever 2, strong-willed 1
a: Renounce Religion


You were on level 4 of the Dungeon.
You worshipped Trog.
Trog was most pleased with you.
You visited 1 branch of the dungeon, and saw 4 of its levels.

You collected 151 gold pieces.
You spent 20 gold pieces at shops.

Inventory:

Hand Weapons
 a - a +0 mace (weapon)
 q - a +0 whip of venom
 r - a +0 whip of draining
Missiles
 l - 2 javelins
 m - 3 boomerangs (quivered)
 n - 2 poisoned darts
Armour
 b - a +0 animal skin (worn)
Jewellery
 j - a ring of positive energy (left claw)
Scrolls
 d - a scroll of silence
 e - a scroll of enchant armour {unknown}
 f - 3 scrolls of identify
 g - a scroll of magic mapping {unknown}
 h - a scroll of fear {unknown}
 i - a scroll of enchant weapon {unknown}
 k - a scroll of amnesia {unknown}
 o - a scroll of blinking {unknown}
Potions
 c - a potion of invisibility
 p - a potion of magic {unknown}


   Skills:
 + Level 4.3 Fighting
 + Level 4.7 Maces & Flails
 + Level 4.3 Dodging


You had 6 spell levels left.
You didn't know any spells.
Your spell library contained the following spells:

 Spells                   Type           Power      Damage    Failure   Level
 Magic Dart               Conj           0%         1d3       34%         1
 Ensorcelled Hibernation  Hex/Ice        0%         N/A       47%         2
 Passwall                 Tmut/Erth      0%         N/A       47%         2
 Searing Ray              Conj           0%         2d4       47%         2
 Gell's Gravitas          Tloc           0%         N/A       71%         3
 Swiftness                Air            0%         N/A       71%         3
 Teleport Other           Tloc           0%         N/A       71%         3
 Fulminant Prism          Conj/Hex       0%         3d6       98%         4
 Dispersal                Tloc           0%         N/A       100%        6


Dungeon Overview and Level Annotations

Branches:
Dungeon (4/15)
 Temple: D:4-7

Altars:
Cheibriados
The Shining One

Shops:
D:3 ***[?


Innate Abilities, Weirdness & Mutations

You are too large for most types of armour.
You have claws for hands.
Your natural rate of healing is unusually fast.
You are covered in fur. (AC +1)
You have tough skin. (AC +1)
You are partially covered in iridescent scales. (AC +2)
Your mind is very acute. (Int +8, Str/Dex -2)
You are strong-willed. (Will+)


Message History

The black bear misses you. The gnoll hits you but does no damage.
As you read the scroll labelled QEIKLI WACVUGE, it crumbles to dust.
A profound silence engulfs you.
It was a scroll of silence.
The gnoll misses you. The black bear barely misses you.
The black bear closely misses you.
The black bear claws you but does no damage.
The black bear bites you.
* * * LOW HITPOINT WARNING * * *
The black bear barely misses you.
The black bear claws you but does no damage.
The gnoll closely misses you.
q - a +0 whip of venom;
r - a +0 whip of draining The gnoll barely misses you.
The black bear bites you but does no damage.
The black bear claws you.
* * * LOW HITPOINT WARNING * * *
The black bear barely misses you.
The black bear attacks as you move away!
The black bear bites you but does no damage.
The black bear barely misses you. The black bear claws you.
* * * LOW HITPOINT WARNING * * *
The black bear bites you.
* * * LOW HITPOINT WARNING * * *
The black bear claws you but does no damage.
The black bear completely misses you.
The black bear attacks as you move away!
The black bear bites you.
* * * LOW HITPOINT WARNING * * *
The black bear claws you but does no damage.
The black bear closely misses you. The black bear misses you.
The black bear completely misses you. The black bear claws you.
* * * LOW HITPOINT WARNING * * *
The black bear bites you but does no damage.
The black bear closely misses you. The black bear completely misses you.
The black bear attacks as you move away!
The black bear bites you.
* * * LOW HITPOINT WARNING * * *
The black bear claws you but does no damage.
The black bear claws you.
You die...

>......# ....##.#
....##.#
######.###.#######
#.#.....g?..#
#.#.#.#####.# #.#
#g# #.# #h# #.#
#@# #.#########.#
#...........#
#############


You could see a black bear (unsilenced) and a gnoll.

Vanquished Creatures
  2 black bears (D:4)
  A phantom (D:4)
  3 orc priests
  An orc wizard (D:3)
  3 gnolls (D:4)
  6 adders
  A worm (D:2)
  11 orcs
  7 bats
  2 endoplasms (D:2)
  5 giant cockroaches
  2 goblins (D:3)
  9 hobgoblins
  7 jackals
  A quokka (D:2)
  6 ball pythons
  2 frilled lizards
  4 kobolds
  5 rats
78 creatures vanquished.

Notes
Turn   | Place    | Note
-------+----------+-------------------------------------------
     0 | D:1      | Destapler the Troll Berserker began the quest for the Orb.
     0 | D:1      | Reached XP level 1. HP: 22/22 MP: 0/0
   117 | D:1      | Reached XP level 2. HP: 25/29 MP: 1/1
   456 | D:2      | Found a faded altar of an unknown god.
   522 | D:2      | Reached XP level 3. HP: 36/36 MP: 2/2
   628 | D:2      | Reached ** piety under Trog
   653 | D:2      | Found a snail-covered altar of Cheibriados.
  1238 | D:2      | Reached XP level 4. HP: 39/45 MP: 3/3
  1326 | D:3      | Found Cuashr Pame's Armour Shop.
  1371 | D:3      | Found Iver's Magic Scroll Shop.
  1376 | D:3      | Bought a scroll of identify for 20 gold pieces
  1378 | D:3      | Gained mutation: You are strong-willed. (Will+) [potion of
                  | mutation]
  1378 | D:3      | Gained mutation: Your mind is acute. (Int +4, Str/Dex -1)
                  | [potion of mutation]
  1378 | D:3      | Gained mutation: You are partially covered in iridescent
                  | scales. (AC +2) [potion of mutation]
  1378 | D:3      | Gained mutation: Your mind is very acute. (Int +8, Str/Dex
                  | -2) [potion of mutation]
  1407 | D:3      | Reached XP level 5. HP: 53/53 MP: 4/4
  1460 | D:3      | Found Honwoyb's General Store.
  1517 | D:3      | Found Foav's Assorted Antiques.
  1797 | D:3      | Found Imion's General Store.
  1858 | D:3      | Found a glowing golden altar of the Shining One.
  1949 | D:4      | Noticed a phantom
  1959 | D:4      | Killed a phantom
  1960 | D:4      | Reached XP level 6. HP: 62/62 MP: 5/5
  2144 | D:4      | Reached *** piety under Trog
  2196 | D:4      | Reached XP level 7. HP: 70/70 MP: 6/6
  2219 | D:4      | HP: 3/70 [black bear (4)]
  2224 | D:4      | Slain by a black bear

Illustrated notes

Levels and vault maps discovered:
D:1:      minmay_arrival_doors, layout_rooms
D:2:      layout_basic, basic_altar, shapermc_ecumenical_altar_pompeii,
          minmay_misc_feat_pillars
D:3:      layout_basic, lemuel_doored_altar, serial_shops, shop,
          nicolae_shop_crystal, nicolae_square_shop, nicolae_diamond_shop,
          nicolae_diamond_shop, nrook_mini_vaults,
          amcnicky_mini_rare_corridor_liquid
D:4:      layout_basic

Skill      XL: |  1  2  3  4  5  6 |
---------------+-------------------+-----
Maces & Flails | 3 4 |  4.7
Dodging        | 3 4 |  4.3
Fighting       | 3 4 |  4.3

Action                   |  1- 3 |  4- 6 |  7- 9 || total
-------------------------+-------+-------+-------++-------
Melee: Mace              |   119 |   136 |    19 ||   274
       Punch             |       |     1 |       ||     1
Throw: Dart              |       |     2 |       ||     2
       Boomerang         |       |     2 |       ||     2
Invok: Berserk           |       |     4 |     1 ||     5
  Use: Scroll            |       |     2 |     1 ||     3
       Potion            |       |     1 |       ||     1
Armor: Animal skin       |    60 |    66 |    21 ||   147
Dodge: Dodged            |    82 |    89 |    29 ||   200
